 Dungeon Crawl Stone Soup version 0.25-a0-290-g4a1327ee3a (webtiles) character file.

Game seed: 14773713944608067164, levelgen mode: classic

37 Borgoz the Cutter (level 3, -1/22 HPs)
             Began as a Kobold Gladiator on Dec 15, 2019.
             Slain by Sigmund
             ... wielding a +0 scythe of protection
              (8 damage)
             ... on level 2 of the Dungeon.
             The game lasted 00:02:04 (1125 turns).

Borgoz the Cutter (Kobold Gladiator)                Turns: 1125, Time: 00:02:05

Health: -1/22      AC:  6    Str: 12    XL:     3   Next: 62%
Magic:  3/3        EV: 20    Int:  9    God:
Gold:   22         SH:  0    Dex: 21    Spells: 2/2 levels left

rFire    . . .     SeeInvis .   a - +0 rapier
rCold    . . .     Gourm    .   (shield restricted)
rNeg     . . .     Faith    .   g - +0 ring mail
rPois    .         Spirit   .   c - +0 helmet
rElec    .         Reflect  .   (no cloak)
rCorr    .         Harm     .   (no gloves)
MR       .....                  (no boots)
Stlth    ++........             (no amulet)
HPRegen  0.07/turn              (no ring)
MPRegen  0.08/turn              (no ring)

@: agile, hasted, very quick
A: small, carnivore
a: no special abilities


You were on level 2 of the Dungeon.
You were completely stuffed.

You visited 1 branch of the dungeon, and saw 2 of its levels.

You collected 22 gold pieces.

Inventory:

Hand Weapons
 a - a +0 rapier (weapon)
Armour
 c - a +0 helmet (worn)
 g - a +0 ring mail (worn)
Wands
 m - a wand of flame (14)
Scrolls
 h - a scroll of remove curse {unknown}
 j - a scroll of magic mapping
 k - a scroll of fog {unknown}
Comestibles
 f - 2 rations


   Skills:
 * Level 2.7 Fighting
 * Level 4.5 Short Blades
 - Level 2.1 Throwing
 + Level 0.4 Armour
 * Level 4.2 Dodging
 + Level 1.0 Stealth
 + Level 0.0 Spellcasting
 + Level 0.0 Evocations


You had 2 spell levels left.
You didn't know any spells.
Your spell library was empty.

Dungeon Overview and Level Annotations

Branches:
Dungeon (2/15)

Altars:

Annotations:
D:2 Sigmund


Innate Abilities, Weirdness & Mutations

You are small and have problems with some larger weapons.
You are carnivorous and can eat meat at any time.


Message History

Sigmund is almost dead.
The goblin hits you but does no damage.
You hit Sigmund but do no damage.
Sigmund is almost dead.
Sigmund closely misses you.
You completely miss Sigmund.
Sigmund is almost dead.
The goblin barely misses you.
Evoke which item? (* to show all) (? for menu, Esc to quit)
Okay, then.
You closely miss Sigmund.
Sigmund is almost dead.
Sigmund misses you. The goblin misses you.
You barely miss Sigmund.
Sigmund is almost dead.
You hit Sigmund but do no damage.
Sigmund is almost dead.
The goblin hits you but does no damage.
Sigmund hits you with a +0 scythe of protection!
You die...

##.#............
#..##...........
##.####..........
#..# ##.........
##.## ##........
#!.# #..######.
#.## ..## ..#
######.# #.##
#....g@# #.##.
#....@## .##..
....... ##...
....... .....
....... .##..
##(.... .....
#..... ######
...... ......
......


You could see Sigmund and a goblin.

Vanquished Creatures
  A worm (D:2)
  2 dart slugs (D:1)
  2 bats (D:1)
  5 giant cockroaches
  5 goblins
  5 hobgoblins
  A quokka (D:2)
  3 kobolds
  2 rats (D:1)
26 creatures vanquished.

Notes
Turn   | Place    | Note
-------+----------+-------------------------------------------
     0 | D:1      | Borgoz the Kobold Gladiator began the quest for the Orb.
     0 | D:1      | Reached XP level 1. HP: 12/12 MP: 1/1
   131 | D:1      | Reached XP level 2. HP: 11/18 MP: 2/2
   481 | D:1      | Reached XP level 3. HP: 21/22 MP: 3/3
   622 | D:1      | Reached skill level 1 in Stealth
  1071 | D:2      | Noticed Sigmund
  1125 | D:2      | Slain by Sigmund

Levels and vault maps discovered:
D:1:      lightli_arrival_lavapool, layout_basic, minmay_misc_feat_five
D:2:      minmay_alternating_diamond, layout_rooms, first_ration,
          hangedman_feature_mirror, grunt_ministairs_15, minmay_parallelograms,
          uniq_sigmund

Skill      XL: |  1  2  3 |
---------------+----------+-----
Dodging        | 4 |  4.2
Stealth        | 1 |  1.0
Fighting       | |  2.7
Short Blades   | |  4.5
Throwing       | |  2.1
Armour         | |  0.4

Action                   || total
-------------------------++-------
Melee: Rapier            ||   109
Throw: Throwing net      ||     3
Evoke: Wand              ||     1
  Use: Potion            ||     5
       Scroll            ||     1
 Stab: Held in net/web   ||     3
  Eat: Chunk             ||     9
Armor: Ring mail         ||    30
Dodge: Dodged            ||    99

Table legend:
 A = Non-vault XP
 B = Vault XP
 C = Vault XP percentage of total XP
 D = Non-vault monster count
 E = Vault monster count
 F = Vault count percentage of total count
                 A         B        C        D         E       F
            +---------+---------+-------+---------+---------+-------
      Total |      52 |       2 |   3.7 |      25 |       1 |   3.8
            +---------+---------+-------+---------+---------+-------
        D:1 |      38 |       0 |   0.0 |      19 |       0 |   0.0
        D:2 |      14 |       2 |  12.5 |       6 |       1 |  14.3
            +---------+---------+-------+---------+---------+-------
